 Dungeon Crawl Stone Soup version 0.28.0 (webtiles) character file.

Game seed: 15759999044148646432

4642 SnakkuSnakku7 the Basher (level 10, -6/70 HPs)
             Began as a Mummy Chaos Knight on Feb 18, 2022.
             Was a Plaything of Xom.
             Killed from afar by a steam dragon (31 damage)
             ... with a ball of steam
             ... on level 8 of the Dungeon.
             The game lasted 00:16:30 (8930 turns).

SnakkuSnakku7 the Basher (Mummy Chaos Knight)       Turns: 8930, Time: 00:16:31

Health: -6/70      AC: 25    Str: 19    XL:     10   Next: 20%
Magic:  10/10      EV:  4    Int: 12    God:    Xom [....*.]
Gold:   1198       SH: 12    Dex: 12    Spells: 9/9 levels left

rFire   x . .      SeeInvis .   t - +2 mace (vorpal)
rCold   + . .      Faith    .   o - +2 kite shield {AC+3}
rNeg    + + +      Spirit   .   g - +0 plate armour
rPois   ∞          Reflect  .   d - +2 hat
rElec   .          Harm     .   (no cloak)
rCorr   .          Rampage  .   p - +2 pair of gloves
Will    ++...                   k - +2 pair of boots
Stlth   ..........              (no amulet)
HPRegen 0.21/turn               l - ring of willpower
MPRegen 0.12/turn               m - +4 ring of protection

@: no status effects
A: cold resistance 1, negative energy resistance 3, torment resistance 2, heat
vulnerability 1, no potions
a: Renounce Religion


You were on level 8 of the Dungeon.
You worshipped Xom.
You were a beloved toy of Xom.
You visited 1 branch of the dungeon, and saw 8 of its levels.
You also visited: Bailey.

You collected 1198 gold pieces.

Inventory:

Hand Weapons
 a - a +2 demon blade
 b - a +0 hunting sling of freezing
 t - a +2 vorpal mace (weapon)
Missiles
 f - 214 stones (quivered)
 i - 6 boomerangs of dispersal
 n - 5 poisoned darts
Armour
 d - a +2 hat (worn)
 g - a +0 plate armour (worn)
 h - a +0 helmet
 k - a +2 pair of boots (worn)
 o - a +2 kite shield of protection (worn)
 p - a +2 pair of gloves (worn)
Jewellery
 c - an amulet of the acrobat
 l - a ring of willpower (left hand)
 m - a +4 ring of protection (right hand)
Scrolls
 j - a scroll of identify
 q - 2 scrolls of teleportation
 r - 2 scrolls of vulnerability
 v - 5 scrolls of summoning


   Skills:
 - Level 3.0 Fighting
 + Level 2.3 Long Blades
 - Level 9.2 Maces & Flails
 - Level 3.6 Throwing
 - Level 1.5 Armour
 - Level 0.7 Dodging
 - Level 7.6 Shields


You had 9 spell levels left.
You didn't know any spells.
Your spell library contained the following spells:

 Spells                   Type           Power      Damage    Failure   Level
 Shock                    Conj/Air       0%         1d3       100%        1
 Static Discharge         Conj/Air       0%         N/A       100%        2
 Swiftness                Air            0%         N/A       100%        3
 Airstrike                Air            0%         N/A       100%        4
 Dispel Undead            Necr           0%         3d6       100%        4
 Sticky Flame             Conj/Fire      0%         2d3       100%        4


Dungeon Overview and Level Annotations

Branches:
Dungeon (8/15)             Temple (0/1) D:5          Bailey (visited)
   Lair: D:8-11

Altars:
Fedhas
Xom

Shops:
D:1 (

Annotations:
D:4 exclusion: goblin


Innate Abilities, Weirdness & Mutations

You are immune to poison.
Your flesh is cold resistant. (rC+)
You are immune to negative energy. (rN+++)
You are immune to unholy pain and torment.
You are vulnerable to heat. (rF-)
You do not drink.


Message History

You hit the steam dragon.
The steam dragon is lightly wounded.
The steam dragon bites you but does no damage.
You block the steam dragon's attack.
You closely miss the steam dragon.
The steam dragon is lightly wounded.
You block the steam dragon's attack.
The steam dragon claws you but does no damage.
You hit the steam dragon.
The steam dragon is heavily wounded.
The steam dragon bites you but does no damage.
The steam dragon claws you but does no damage.
You barely miss the steam dragon.
The steam dragon is heavily wounded.
The steam dragon bites you but does no damage.
The steam dragon barely misses you.
You barely miss the steam dragon.
The steam dragon is heavily wounded.
The steam dragon bites you but does no damage.
The steam dragon claws you but does no damage.
You hit the steam dragon.
The steam dragon is severely wounded.
You block the steam dragon's attack.
The steam dragon claws you but does no damage.
You closely miss the steam dragon.
The steam dragon is severely wounded.
The steam dragon bites you but does no damage.
You block the steam dragon's attack.
You closely miss the steam dragon.
The steam dragon is severely wounded.
The steam dragon breathes steam at you. The ball of steam hits you!!
The steam scalds you terribly!
Xom thinks this is hilarious!
The steam dragon bites you but does no damage.
The steam dragon closely misses you.
You hit the steam dragon but do no damage.
The steam dragon is severely wounded.
The steam dragon breathes steam at you. The ball of steam hits you!!
The steam scalds you terribly!
You die...

#.#
#....'....#...#
..#
#....###.######
..# #......######
..# #......#....+
..# #....<.'....#
..# #......#....#
..# #......#[.###
..#
########§§###+###
### #.§§@D......
#§§.§§......
#...........
#...........
############


You could see a steam dragon (catching breath).

Vanquished Creatures
  A yaktaur (shapeshifter) (D:3)
  A hornet (D:6)
  A yak (D:8)
  A steam dragon (D:8)
  3 water moccasins (D:8)
  A black bear (D:4)
  4 orc warriors
  2 necrophages (D:5)
  3 centaurs
  A phantom (D:5)
  4 scorpions
  3 bullfrogs (D:8)
  A water moccasin zombie (D:5)
  3 wights (D:8)
  A centaur zombie (D:8)
  4 centaur skeletons
  4 orc priests
  2 jellies
  A gnoll shaman (D:8)
  4 hounds
  3 iguanas
  3 orc wizards
  2 hound skeletons (D:5)
  A howler monkey zombie (D:8)
  Robin (D:2)
  10 adders
  A shadow imp (D:8)
  An ufetubus (D:5)
  2 worms
  2 dart slugs
  41 orcs
  3 ball pythons
  7 endoplasms
  3 giant cockroaches
  23 goblins
  6 hobgoblins
  9 jackals
  4 quokkas
  9 bats
  2 frilled lizards
  8 kobolds
  4 rats
190 creatures vanquished.

Vanquished Creatures (collateral kills)
  2 orc knights (Bailey)
  3 orc warriors (Bailey)
  2 orcs (Bailey)
  A rat (D:1)
8 creatures vanquished.

Vanquished Creatures (others)
  2 goblins (D:2)
  A rat (D:1)
  13 plants (D:4)
16 creatures vanquished.

Grand Total: 214 creatures vanquished

Notes
Turn   | Place    | Note
-------+----------+-------------------------------------------
     0 | D:1      | SnakkuSnakku7 the Mummy Chaos Knight began the quest for
                  | the Orb.
     0 | D:1      | Reached XP level 1. HP: 18/18 MP: 1/1
   217 | D:1      | Reached XP level 2. HP: 5/24 MP: 2/2
   220 | D:1      | Reached skill level 3 in Maces & Flails
   298 | D:1      | XOM: silly message
   416 | D:1      | XOM: silly message
   788 | D:1      | XOM: silly message
  1023 | D:1      | XOM is BORED!
  1035 | D:1      | Reached XP level 3. HP: 19/29 MP: 3/3
  1110 | D:1      | Found Wienat's Antique Weapon Boutique.
  1389 | D:2      | XOM: scenery: create altars
  1397 | D:2      | Noticed Robin
  1398 | D:2      | XOM: cast spell 'Death Channel'
  1431 | D:2      | XOM: destruction
  1450 | D:2      | Killed Robin
  1493 | D:2      | XOM: god gift: 6 boomerangs of dispersal
  1504 | D:2      | XOM: summons 4 hostile shadow creatures
  1821 | D:2      | XOM: smoke on damage
  1823 | D:2      | Reached skill level 4 in Maces & Flails
  1869 | D:2      | Reached XP level 4. HP: 29/35 MP: 4/4
  2263 | D:2      | XOM: scenery: summon butterflies
  2391 | D:3      | XOM: 1-stop teleportation journey
  2530 | D:3      | XOM: god gift: staff of air
  2640 | D:3      | Reached XP level 5. HP: 16/41 MP: 5/5
  2814 | D:3      | XOM: divination: detect creatures
  2861 | D:3      | Reached skill level 5 in Maces & Flails
  3069 | D:3      | Found a faded altar of an unknown god.
  3115 | D:3      | XOM: 3-stop teleportation journey
  3153 | D:3      | XOM: scenery: create altars
  3203 | D:3      | Noticed a shapeshifter
  3203 | D:3      | an orc changed into a shapeshifter
  3203 | D:3      | Noticed a yaktaur
  3203 | D:3      | a shapeshifter changed into a yaktaur
  3211 | D:3      | Killed a yaktaur
  3212 | D:3      | Reached skill level 6 in Maces & Flails
  3212 | D:3      | Reached XP level 6. HP: 21/47 MP: 6/6
  3564 | D:4      | Found a blossoming altar of Fedhas.
  3570 | D:4      | Noticed an orc warrior
  3570 | D:4      | XOM: 6-stop teleportation journey
  3609 | D:4      | Reached XP level 7. HP: 41/52 MP: 7/7
  3627 | D:4      | XOM: 3-stop teleportation journey
  3775 | D:4      | Reached skill level 7 in Maces & Flails
  4122 | D:5      | Entered Level 5 of the Dungeon
  4289 | D:5      | XOM: 2-stop teleportation journey
  4304 | D:5      | XOM: cast spell 'Discord'
  4333 | D:4      | XOM: summons 1 hostile shadow creature
  4336 | D:4      | XOM: noise
  4619 | D:4      | XOM: summons 4 hostile demons
  4870 | D:5      | XOM: stat loss: -1 Str (16/17)
  4968 | D:5      | XOM: swap monsters
  4972 | D:5      | XOM: 5-stop teleportation journey
  4995 | D:5      | Reached skill level 8 in Maces & Flails
  5055 | D:5      | Reached skill level 1 in Throwing
  5080 | D:5      | Reached XP level 8. HP: 55/58 MP: 8/8
  5225 | D:5      | XOM: confusion
  5236 | D:5      | Found a staircase to the Ecumenical Temple.
  5401 | D:6      | Noticed a hornet
  5468 | D:6      | Killed a hornet
  6261 | D:7      | Reached skill level 1 in Shields
  6289 | D:7      | Reached skill level 9 in Maces & Flails
  6307 | D:7      | XOM: confusion
  6311 | D:7      | XOM: summons friendly iron imp
  6629 | D:7      | XOM: silly message
  6679 | D:7      | XOM: enchant monster (bad)
  6750 | D:7      | XOM: stat loss: -1 Int (11/12)
  6803 | D:7      | Reached XP level 9. HP: 63/63 MP: 9/9
  6816 | D:7      | XOM: silly message
  7032 | D:8      | XOM: noise
  7042 | D:8      | XOM: blink monster(s)
  7047 | D:8      | XOM: noise
  7048 | D:8      | XOM: confuse monster(s)
  7069 | D:8      | XOM: blink monster(s)
  7349 | D:8      | Noticed a two-headed ogre
  7349 | D:8      | XOM: confusion (+ monsters)
  7379 | D:8      | XOM: summons 5 hostile demons
  7380 | D:8      | Noticed an ice devil
  7380 | D:8      | Noticed an ice devil
  7380 | D:8      | Noticed a hellwing
  7468 | D:8      | XOM: 2-stop teleportation journey
  7502 | D:8      | XOM: cleaving
  7505 | D:8      | XOM: swap monsters
  7515 | D:8      | Found a flagged portal.
  7532 | D:8      | XOM: swap monsters
  7553 | Bailey   | Entered a bailey
  7741 | Bailey   | XOM: god gift: 576 gold pieces
  7761 | Bailey   | Reached skill level 5 in Shields
  7764 | Bailey   | XOM: fog
  8182 | Bailey   | XOM: 4-stop teleportation journey
  8312 | Bailey   | Noticed an orc knight
  8330 | Bailey   | Killed an orc knight
  8369 | Bailey   | Noticed an orc knight
  8390 | Bailey   | Killed an orc knight
  8391 | Bailey   | Reached XP level 10. HP: 56/70 MP: 10/10
  8423 | Bailey   | XOM: god gift: 59 gold pieces
  8557 | D:8      | XOM: fog
  8573 | D:8      | Reached skill level 1 in Long Blades
  8930 | D:8      | Killed from afar by a steam dragon

Illustrated notes

Levels and vault maps discovered:
D:1:      roderic_dead_forest, layout_loops_corners, serial_shops, shop
D:2:      layout_basic, uniq_robin
D:3:      layout_loops_ring, dilly_ecumenical_altar_fadedgnrine
D:4:      layout_rooms, lemuel_crystal_altar, serial_bayou_ford_a
D:5:      layout_loops_ring, minmay_temple_entry_nine_rooms
D:6:      layout_cave_pools
D:7:      layout_loops_cross, grunt_decor_cap, wad_floor_pattern_2
D:8:      minmay_octagon_keep, layout_gridville, enter_bailey_3

Skill      XL: |  1  2  3  4  5  6  7  8  9 10 |
---------------+-------------------------------+-----
Maces & Flails | 3 4 6 8 9 |  9.2
Throwing       | 1 3 |  3.6
Shields        | 2 7 |  7.6
Long Blades    | 2 |  2.3
Fighting       | |  3.0
Armour         | |  1.5
Dodging        | |  0.7

Action                   |  1- 3 |  4- 6 |  7- 9 | 10-12 || total
-------------------------+-------+-------+-------+-------++-------
Melee: Mace              |   139 |   137 |   451 |    75 ||   802
       Punch             |       |     2 |     1 |       ||     3
 Fire: Hunting sling     |       |    12 |    26 |       ||    38
Throw: Dart              |       |       |    20 |       ||    20
       Stone             |       |       |     2 |       ||     2
  Use: Scroll            |       |       |    11 |     5 ||    16
 Stab: Confused          |       |       |     1 |       ||     1
Armor: Leather armour    |    38 |       |       |       ||    38
       Plate armour      |    39 |    88 |   472 |    52 ||   651
Dodge: Dodged            |    77 |    31 |   128 |    10 ||   246
Block: Kite shield       |       |       |   156 |    50 ||   206
